 Dungeon Crawl Stone Soup version 0.22.0 (webtiles) character file.

21 Matudinoluver the Caller (level 2, 0/15 HPs)
             Began as a Tengu Summoner on Nov 26, 2018.
             Killed from afar by a dart slug (2 damage)
             ... with a slug dart
             ... on level 2 of the Dungeon on Nov 27, 2018.
             The game lasted 00:07:09 (1041 turns).

Matudinoluver the Caller (Tengu Summoner)           Turns: 1041, Time: 00:07:10

Health: 0/15       AC:  3    Str:  8    XL:     2   Next: 83%
Magic:  6/6        EV: 12    Int: 15    God:
Gold:   51         SH:  0    Dex: 14    Spells: 4/5 levels left

rFire    . . .     SeeInvis .   h - -1 dagger (curse)
rCold    . . .     Gourm    .   (no shield)
rNeg     . . .     Faith    .   a - +1 robe
rPois    +         Spirit   .   (helmet restricted)
rElec    .         Reflect  .   (no cloak)
rCorr    .         Harm     .   (no gloves)
MR       .....                  (boots unavailable)
Stlth    +++.......             (no amulet)
HPRegen  0.05/turn              i - ring of stealth
MPRegen  0.10/turn              k - ring of poison resistance

@: no status effects
A: beak, talons 3
a: no special abilities


You were on level 2 of the Dungeon.
You were not hungry.

You visited 1 branch of the dungeon, and saw 2 of its levels.

You collected 51 gold pieces.

Inventory:

Hand Weapons
 b - a +0 hunting sling
 h - a cursed -1 dagger (weapon)
 m - a +0 dagger
Missiles
 d - 18 stones (quivered)
 e - 18 sling bullets
Armour
 a - a +1 robe (worn)
Jewellery
 g - an uncursed ring of flight
 i - a ring of stealth (left hand)
 k - a ring of poison resistance (right hand)
 n - an uncursed ring of flight
Comestibles
 c - 2 rations


   Skills:
 + Level 0.3 Fighting
 + Level 0.6 Slings
 + Level 2.2 Dodging
 + Level 2.0 Stealth
 + Level 0.2 Unarmed Combat
 + Level 2.0 Spellcasting
 + Level 5.5 Summonings


You had 4 spell levels left.
You knew the following spells:

 Your Spells              Type           Power        Failure   Level  Hunger
a - Summon Small Mammal   Summ           ###.         2%          1    #......

Your spell library contained the following spells:

 Spells                   Type           Power        Failure   Level  Hunger
 Summon Ice Beast         Ice/Summ       #.......     56%         4    #####..
 Call Imp                 Summ           ###.....     3%          2    ###....
 Call Canine Familiar     Summ           ###.....     7%          3    ###....
 Summon Lightning Spire   Summ/Air       #.......     56%         4    #####..
 Summon Guardian Golem    Hex/Summ       #.......     22%         3    ###....


Dungeon Overview and Level Annotations

Branches:
Dungeon (2/15)

Altars:


Innate Abilities, Weirdness & Mutations

You have a beak for a mouth.
You have claws for feet.


Message History

The dart slug closely misses you. The dart slug barely misses you.
The dart slug launches a dart at you. The slug dart hits you!
* * * LOW HITPOINT WARNING * * *
The dart slug barely misses you. The dart slug bites you.
* * * LOW HITPOINT WARNING * * *
The bat hits you but does no damage. The bat hits you but does no damage.
The dart slug bites you.
* * * LOW HITPOINT WARNING * * *
The dart slug barely misses you.
You barely miss the bat. Your kick misses the bat. The bat closely misses you.
The bat barely misses you. The dart slug launches a dart at you.
The slug dart misses you. The dart slug barely misses you.
The dart slug launches a dart at you. The slug dart hits you!
You die...

###### .....# ####.#
#.# #.# ####.# #####
..##.# #...
#.##.##########.### #
#.##............@.#.#
#.#############.#w#.#
#.####### #..b..#
#.......# ###.###
##...##.# #.#
........# #.#
.<......# #.#
######### #.# #..


You could see a dart slug and a bat.

Vanquished Creatures
  4 bats (D:1)
  2 goblins (D:1)
  2 hobgoblins (D:1)
  2 kobolds (D:1)
10 creatures vanquished.

Vanquished Creatures (collateral kills)
  A bat (D:1)
  A giant cockroach (D:1)
  A goblin (D:1)
  3 hobgoblins (D:1)
  2 kobolds (D:1)
  A frilled lizard (D:1)
  2 rats (D:1)
11 creatures vanquished.

Grand Total: 21 creatures vanquished

Notes
Turn   | Place    | Note
-------+----------+-------------------------------------------
     0 | D:1      | Matudinoluver the Tengu Summoner began the quest for the Orb.
     0 | D:1      | Reached XP level 1. HP: 10/10 MP: 4/4
    54 | D:1      | Reached skill level 5 in Summonings
   410 | D:1      | Reached XP level 2. HP: 9/15 MP: 4/6
  1041 | D:2      | Killed from afar by a dart slug

Skill      XL: |  1 |
---------------+----+-----
Summonings     | 5 |  5.5
Fighting       | |  0.3
Slings         | |  0.6
Dodging        | |  2.2
Stealth        | |  2.0
Unarmed Combat | |  0.2
Spellcasting   | |  2.0

Action                   || total
-------------------------++-------
Melee: Unarmed           ||     9
       Kick              ||     4
       Dagger            ||     8
       Peck              ||     1
 Fire: Hunting sling     ||    17
 Cast: Summon Small Mamm ||    22
  Use: Scroll            ||     4
       Potion            ||     3
  Eat: Chunk             ||     1
Armor: Robe              ||    36
Dodge: Dodged            ||    50
